Map: Dusk Towers

Players

Miszu - Winner!

  • Race: Terran Terran
  • League: Master

Novocaine

  • Race: Terran Terran

VOD

Have the link to the VOD?

Description

Time

  • Played on: April 4, 2016, 12:15 p.m.
  • Length: 3:42
Show
View Real Time Build Order
Export as new Build Order

Miszu Terran - Winner!

Build Orders: 1/1/1 

Get SALT Encoding   

  12  0:00  SCV  
  13  0:13  SCV  
  14  0:17  Supply Depot  
  14  0:25  SCV  
  15  0:39  SCV  
  16  0:44  Refinery  
  16  0:51  SCV  
  16  0:52  Barracks  
  17  1:02  Refinery  
  17  1:03  SCV  
  18  1:15  SCV  
  19  1:27  SCV  
  21  1:40  Orbital Command  
  21  1:41  Factory  
  21  1:45  Reaper  
  21  1:47  Supply Depot  
  21  2:06  SCV  
  22  2:17  Reaper  
  22  2:18  SCV  
  24  2:26  Starport, Hellion  
  26  2:31  SCV  
  27  2:39  Supply Depot  
  27  2:43  SCV  
  28  2:47  Hellion  
  28  2:49  Barracks Tech Lab  
  30  2:55  SCV  
  31  3:02  Supply Depot  
  31  3:07  SCV  
  31  3:10  Hellion  
  38  3:20  SCV  
Show
View Real Time Build Order
Export as new Build Order

Novocaine Terran 

Build Orders:  

Get SALT Encoding   

  12  0:00  SCV  
  13  0:13  SCV  
  14  0:20  Supply Depot  
  14  0:25  SCV  
  15  0:35  Refinery  
  15  0:41  SCV  
  16  0:45  Barracks  
  16  0:53  SCV  
  17  1:04  Barracks  
  17  1:06  SCV  
  18  1:18  SCV  
  19  1:26  Barracks  
  19  1:35  Supply Depot  
  19  1:37  Reaper  
  20  1:44  Refinery  
  20  1:48  SCV  
  21  2:01  Orbital Command  
  21  2:04  Reaper  
  22  2:11  Reaper  
  22  2:14  Reaper  
  24  2:27  SCV  
  25  2:36  Reaper  
  26  2:43  Reaper  
  27  2:45  Supply Depot, SCV  
  27  2:47  Reaper  
  29  3:08  Reaper, Command Center  
  32  3:24  Engineering Bay  
Tags
 
League
Master
Matchup
TvT
Opening
1/1/1
Race
Terran
Add a new tag
Caveats
  • Supply blocks, unpowered buildings, or Contaminate may cause inaccurate times.
  • Supply counts are checked every 10 seconds.